 Dungeon Crawl Stone Soup version 0.29-a0-19-gef7f3e67aa (webtiles) character file.

Game seed: 4357416285096151216

935 27snakeeyes612 the Ruffian (level 7, -4/106 HPs)
             Began as a Troll Monk on Jan 29, 2022.
             Slain by a vampire mosquito (9 damage)
             ... on level 6 of the Dungeon.
             The game lasted 00:08:57 (4487 turns).

27snakeeyes612 the Ruffian (Troll Monk)             Turns: 4487, Time: 00:08:57

Health: -4/106     AC: 23    Str: 22    XL:     7   Next: 87%
Magic:  6/6        EV:  1    Int:  6    God:
Gold:   334        SH:  0    Dex: 12    Spells: 6/6 levels left

rFire   . . .      SeeInvis .     - Unarmed
rCold   . . .      Faith    .   (no shield)
rNeg    . . .      Spirit   .   (armour currently unavailable)
rPois   +          Reflect  .   (helmet currently unavailable)
rElec   .          Harm     .   (cloak currently unavailable)
rCorr   .          Rampage  .   (gloves unavailable)
Will    .....      NoTele   +   (boots unavailable)
Stlth   ++........              (no amulet)
HPRegen 1.07/turn               (no ring)
MPRegen 0.10/turn               (no ring)

@: tree-form
A: stationary, stasis, torment immunity, boosted hp, large, unfitting armour,
(claws 3), regeneration 1, (shaggy fur 1), (tough skin 1)
a: no special abilities


You were on level 6 of the Dungeon.
You were a tree.
You visited 1 branch of the dungeon, and saw 7 of its levels.

You collected 334 gold pieces.

Inventory:

Hand Weapons
 g - a +0 whip of freezing
 l - a +0 giant club
 p - a +0 morningstar of venom
Missiles
 f - 3 datura-tipped darts (quivered)
Armour
 a - a +0 robe (melded)
 h - a +2 hat (melded)
Jewellery
 d - a ring of willpower
 t - a +4 ring of protection
Wands
 q - a wand of iceblast (6)
 s - a wand of paralysis (6)
Scrolls
 c - 9 scrolls of identify
 r - a scroll of magic mapping
Potions
 b - a potion of haste {unknown}
 e - 2 potions of mutation
 i - a potion of lignification
 j - a potion of heal wounds {unknown}
 k - a potion of flight
 m - a potion of brilliance {unknown}
 n - a potion of ambrosia {unknown}
 o - a potion of degeneration {unknown}
 u - a potion of resistance {unknown}


   Skills:
 + Level 4.4 Fighting
 + Level 3.8 Throwing
 + Level 4.4 Dodging
 - Level 1.1 Stealth
 + Level 5.3 Unarmed Combat


You had 6 spell levels left.
You didn't know any spells.
Your spell library contained the following spells:

 Spells                   Type           Power      Damage    Failure   Level
 Corpse Rot               Necr/Air       0%         N/A       58%         2
 Poisonous Vapours        Pois/Air       0%         N/A       58%         2


Dungeon Overview and Level Annotations

Branches:
Dungeon (7/15)             Temple (0/1) D:5

Altars:
Vehumet

Shops:
D:2 (   D:6 *

Annotations:
D:7 Menkaure


Innate Abilities, Weirdness & Mutations

You are a tree.
Your roots penetrate the ground, keeping you stationary.
You cannot be teleported.
You are immune to unholy pain and torment.
Your maximum health is greatly increased.
Your equipment is partially melded.
You are too large for most types of armour.
((You have claws for hands.))
Your natural rate of healing is unusually fast.
((You are covered in fur. (AC +1)))
((You have tough skin. (AC +1)))


Message History

The vampire mosquito bites you.
* * * LOW HITPOINT WARNING * * *
The vampire mosquito draws strength from your injuries!
You barely miss the vampire mosquito.
The vampire mosquito is severely damaged.
The vampire mosquito bites you but does no damage.
The vampire mosquito bites you.
* * * LOW HITPOINT WARNING * * *
The vampire mosquito draws strength from your injuries!
You closely miss the vampire mosquito.
The vampire mosquito is severely damaged.
The vampire mosquito bites you but does no damage. x2
You closely miss the vampire mosquito.
The vampire mosquito is severely damaged.
The vampire mosquito bites you but does no damage.
You barely miss the vampire mosquito.
The vampire mosquito is severely damaged.
The vampire mosquito bites you but does no damage.
The vampire mosquito bites you.
* * * LOW HITPOINT WARNING * * *
The vampire mosquito draws strength from your injuries!
You closely miss the vampire mosquito.
The vampire mosquito is heavily damaged.
The vampire mosquito bites you but does no damage. x2
You closely miss the vampire mosquito.
The vampire mosquito is heavily damaged.
The vampire mosquito bites you!
* * * LOW HITPOINT WARNING * * *
The vampire mosquito draws strength from your injuries!
The orc priest looks braver for a moment.
The vampire mosquito bites you but does no damage.
You hit the vampire mosquito.
The vampire mosquito is heavily damaged.
The vampire mosquito bites you but does no damage.
You barely miss the vampire mosquito.
The vampire mosquito is heavily damaged.
The vampire mosquito bites you but does no damage. x2
It was a potion of flight.
Your roots keep you in place.
The vampire mosquito bites you!
You die...

## ############## #.
#............# #. #########
#.#######.#..####. .[......#
#.# #.#........ ####.##### #.#
##....##...
#........###♣########....#.#.
#.##.###.##y...........#.....
#.##.# #.#g###....####...#..#
##c##.###ogg# #.#### ##.##..#
##.o.o...goc.###.### #.##..#
#...##.)...........######.##..#
#''####.######............##..#
...o....### #####.#########>.#
..cg.....# #.# #..#


You could see a vampire mosquito, a centaur, a gnoll shaman, an orc priest, 3
gnolls and an orc.

Vanquished Creatures
  2 ice beasts
  A necrophage (D:6)
  An ogre (D:5)
  A howler monkey (D:4)
  A bullfrog skeleton (D:5)
  2 hounds
  4 orc priests
  A centaur skeleton (D:4)
  An orc wizard (D:5)
  A scorpion zombie (D:5)
  2 iguanas (D:4)
  An adder (D:5)
  4 gnolls (D:4)
  A white imp (D:6)
  2 adder skeletons (D:4)
  A worm (D:2)
  5 dart slugs
  25 orcs
  7 ball pythons
  8 bats
  11 endoplasms
  5 giant cockroaches
  3 hobgoblins
  2 jackals (D:3)
  10 kobolds
  5 quokkas
  3 frilled lizards
  6 goblins
  3 rats
119 creatures vanquished.

Notes
Turn   | Place    | Note
-------+----------+-------------------------------------------
     0 | D:1      | 27snakeeyes612 the Troll Monk began the quest for the Orb.
     0 | D:1      | Reached XP level 1. HP: 22/22 MP: 0/0
   179 | D:1      | Reached XP level 2. HP: 26/29 MP: 1/1
   576 | D:1      | Reached XP level 3. HP: 36/36 MP: 2/2
   844 | D:2      | Found Radualon's Antique Weapon Emporium.
  1028 | D:2      | Reached skill level 1 in Throwing
  1756 | D:3      | Reached XP level 4. HP: 39/44 MP: 3/3
  1990 | D:3      | Reached XP level 5. HP: 47/53 MP: 4/4
  2321 | D:3      | Found a faded altar of an unknown god.
  2662 | D:4      | Reached skill level 4 in Unarmed Combat
  2949 | D:4      | Reached XP level 6. HP: 38/61 MP: 5/5
  2994 | D:4      | Found a radiant altar of Vehumet.
  3373 | D:5      | Entered Level 5 of the Dungeon
  3484 | D:5      | Reached XP level 7. HP: 39/68 MP: 6/6
  3534 | D:5      | Found a staircase to the Ecumenical Temple.
  3676 | D:5      | Reached skill level 5 in Unarmed Combat
  4249 | D:6      | Found Rudghing's Overcharged Wands.
  4455 | D:6      | Noticed a vampire mosquito
  4472 | D:7      | Noticed Menkaure
  4484 | D:6      | HP: 2/106 [vampire mosquito (7)]
  4487 | D:6      | Slain by a vampire mosquito

Illustrated notes

Levels and vault maps discovered:
D:1:      giann_horns, layout_loops_ring, minmay_indecisive_spiral
D:2:      layout_rooms, serial_co_window_serial, co_window_paths_b,
          co_window_of_opportunity_a, co_window_of_opportunity_a,
          co_window_paths_b, co_window_of_opportunity_a, co_window_broadway_b,
          co_window_corner_ca, co_window_broadway_b, co_window_broadway_c,
          co_window_broadway_a, co_window_broadway_c, co_window_4corner_a,
          serial_shops, nicolae_shop_hallway_plus
D:3:      layout_basic, hellmonk_ecumenical_altar_zigzags
D:4:      layout_basic, vehumet_crystals
D:5:      layout_loops_ring, minmay_temple_entry_arrows
D:6:      kennysheep_big_flooded_room, layout_loops_ring,
          nicolae_shop_overcharged_wands
D:7:      layout_cave_pools, lemuel_doored_altar, minmay_misc_feat_hallway,
          nicolae_concentric_dashed_squares_mild, uniq_menkaure

Skill      XL: |  1  2  3  4  5  6  7 |
---------------+----------------------+-----
Throwing       | 1 2 3 |  3.8
Fighting       | 3 4 |  4.4
Dodging        | 3 4 |  4.4
Unarmed Combat | 4 5 |  5.3
Stealth        | |  1.1

Action                   |  1- 3 |  4- 6 |  7- 9 || total
-------------------------+-------+-------+-------++-------
Melee: Unarmed           |   105 |   144 |    95 ||   344
       Punch             |     1 |     7 |     2 ||    10
  Use: Scroll            |     5 |     4 |     1 ||    10
       Potion            |       |       |     2 ||     2
 Stab: Sleeping          |     4 |     4 |       ||     8
       Distracted        |       |     1 |     1 ||     2
Armor: Robe              |    33 |    46 |    29 ||   108
       Skin              |       |       |    12 ||    12
Dodge: Dodged            |    53 |    83 |    59 ||   195

Table legend: (Time is in decaauts)
 A = Elapsed time spent in this place.
 B = Non-inter-level travel time spent in this place.
 C = Inter-level travel time spent in this place.
 D = Time resting spent in this place.
 E = Time spent auto-exploring this place.
 F = Levels seen in this place.
 G = Mean time per level.
                   A        B        C        D        E       F      G
               +--------+--------+--------+--------+--------+-----+--------+
         Total |   4461 |   4351 |    110 |     63 |   3220 |   7 |  637.3 |
       Dungeon |   4461 |   4351 |    110 |     63 |   3220 |   7 |  637.3 |
               +--------+--------+--------+--------+--------+-----+--------+

Top non-repeatable levels by time:
     D:2: 966 daAuts
     D:3: 961 daAuts
     D:5: 807 daAuts
     D:1: 744 daAuts
     D:4: 731 daAuts
     D:6: 248 daAuts
     D:7: 1 daAuts
